 Dungeon Crawl Stone Soup version 0.21.1-1-g345015f (webtiles) character file.

98 sking99 the Ruffian (level 4, -11/45 HPs)
             Began as a Troll Monk on June 23, 2018.
             Mangled by Terandir's ghost (14 damage)
             ... on level 3 of the Dungeon.
             The game lasted 00:03:18 (1426 turns).

sking99 the Ruffian (Troll Monk)                    Turns: 1426, Time: 00:03:19

Health: -11/45     AC:  5    Str: 19    XL:     4   Next: 43%
Magic:  3/3        EV: 11    Int:  6    God:
Gold:   122        SH:  0    Dex: 13    Spells: 3/3 levels left

rFire    . . .     SeeInvis .     - Unarmed
rCold    . . .     Gourm    +   (no shield)
rNeg     . . .     Faith    .   a - +0 robe
rPois    .         Spirit   .   (helmet restricted)
rElec    .         Reflect  .   (no cloak)
rCorr    .         Harm     .   (gloves unavailable)
MR       .....                  (boots unavailable)
Stlth    ++........             (no amulet)
HPRegen  0.55/turn              (no ring)
MPRegen  0.08/turn              (no ring)

@: no status effects
A: large, unfitting armour, claws 3, fast metabolism 3, gourmand, regeneration
1, shaggy fur 1, tough skin 2
a: no special abilities


You were on level 3 of the Dungeon.
You were very full.

You visited 1 branch of the dungeon, and saw 3 of its levels.

You collected 122 gold pieces.

Inventory:

Armour
 a - a +0 robe (worn)
Jewellery
 c - an uncursed ring of see invisible {unknown}
 k - a cursed ring of fire {unknown}
Scrolls
 d - a scroll of fog {unknown}
 e - 2 scrolls of identify {unknown}
 f - a scroll of enchant weapon {unknown}
 g - a scroll of remove curse {unknown}
 i - a scroll of magic mapping {unknown}
Potions
 h - a potion of flight {unknown}
 j - a potion of degeneration {unknown}
 m - a potion of brilliance {unknown}
 n - a potion of might {unknown}
Comestibles
 b - 5 rations
 l - 4 chunks of flesh


   Skills:
 + Level 3.0 Fighting
 + Level 3.0 Dodging
 - Level 1.0 Stealth
 * Level 4.3 Unarmed Combat


You had 3 spell levels left.
You didn't know any spells.

Dungeon Overview and Level Annotations

Branches:
Dungeon (3/15)

Altars:

Annotations:
D:3 Terandir's ghost, amateur MiFi


Innate Abilities, Weirdness & Mutations

You are too large for most types of armour.
You have claws for hands.
Your metabolism is lightning-fast.
You like to eat raw meat.
Your natural rate of healing is unusually fast.
You are covered in fur. (AC +1)
You have very tough skin. (AC +2)


Message History

Terandir's ghost is heavily damaged.
Terandir's ghost barely misses you.
You scratch Terandir's ghost.
Terandir's ghost is heavily damaged.
Terandir's ghost misses you.
You claw Terandir's ghost!
Terandir's ghost is severely damaged.
Terandir's ghost hits you!
You scratch Terandir's ghost but do no damage.
Terandir's ghost is severely damaged.
Terandir's ghost hits you!
You scratch Terandir's ghost but do no damage.
Terandir's ghost is severely damaged.
Terandir's ghost hits you!
You scratch Terandir's ghost but do no damage.
Terandir's ghost is severely damaged.
Terandir's ghost hits you!
* * * LOW HITPOINT WARNING * * *
Terandir's ghost hits you!
You die...

########## #####
........# #...#
#.......# #...#
########..[....#
#...#
.......).......#
#...#
########.W@....#
##...# #..)....#
####....#
#.......###.......#
#...........###...#
##........####
#...# #.......>##
#...# ...).#.######
###.### .#####.#
######...# ##..#
#...##.###


You could see Terandir's ghost.

Vanquished Creatures
  4 gnolls (D:2)
  2 adders
  2 oozes
  A worm (D:2)
  3 leopard geckos
  4 goblins
  3 hobgoblins
  2 bats (D:1)
  A frilled lizard (D:2)
  5 kobolds
  4 rats
31 creatures vanquished.

Notes
Turn   | Place    | Note
-------+----------+-------------------------------------------
     0 | D:1      | sking99 the Troll Monk began the quest for the Orb.
     0 | D:1      | Reached XP level 1. HP: 22/22 MP: 0/0
   256 | D:1      | Reached XP level 2. HP: 29/29 MP: 1/1
   624 | D:2      | Reached XP level 3. HP: 34/36 MP: 2/2
  1000 | D:2      | Reached skill level 4 in Unarmed Combat
  1003 | D:2      | Reached XP level 4. HP: 10/44 MP: 3/3
  1004 | D:2      | HP: 2/44 [gnoll/spear (6)]
  1389 | D:3      | Noticed Terandir's ghost (amateur MiFi)
  1425 | D:3      | HP: 2/45 [Terandir's ghost (15)]
  1426 | D:3      | Mangled by Terandir's ghost

Skill      XL: |  1  2  3  4 |
---------------+-------------+-----
Unarmed Combat | 4 |  4.3
Dodging        | 3 |  3.0
Fighting       | 3 |  3.0
Stealth        | |  1.0

Action                   |  1- 3 |  4- 6 || total
-------------------------+-------+-------++-------
Melee: Unarmed           |    86 |    17 ||   103
       Punch             |     1 |     1 ||     2
  Eat: Chunk             |     9 |     9 ||    18
Armor: Robe              |    29 |     5 ||    34
Dodge: Dodged            |    46 |     7 ||    53
